 Dungeon Crawl Stone Soup version 0.27.1-1-g398f81649c (webtiles) character file.

Game seed: 3755362226069564642

2597 funkygono the Magician (level 9, -1/47 HPs)
             Began as a Gargoyle Fire Elementalist on Sept 19, 2021.
             Was an Initiate of Vehumet.
             Splashed by an acid dragon's acid (17 damage)
             ... on level 8 of the Dungeon.
             The game lasted 00:20:10 (9796 turns).

funkygono the Magician (Gargoyle Fire Elementalist) Turns: 9796, Time: 00:20:12

Health: -1/47      AC: 20    Str: 12    XL:     9   Next: 59%
Magic:  15/19      EV: 12    Int: 22    God:    Vehumet [......]
Gold:   448        SH:  0    Dex: 10    Spells: 9/22 levels left

rFire    . . .     SeeInvis .   g - +0 mace (vorpal)
rCold    . . .     Faith    .   (no shield)
rNeg     + . .     Spirit   .   s - +1 robe "Jyokkoeho" {rPois Int+3}
rPois    ∞         Reflect  .   y - +2 helmet
rElec    +         Harm     .   l - +1 cloak
rCorr    .         Rampage  .   i - +2 pair of gloves
Will     .....                  t - +2 pair of boots
Stlth    ++........             (no amulet)
HPRegen  0.15/turn              (no ring)
MPRegen  0.16/turn              (no ring)

@: no status effects
A: sickness immunity, AC +6, negative energy resistance 1, electricity
resistance, torment resistance 1, petrification resistance
a: Renounce Religion


You were on level 8 of the Dungeon.
You worshipped Vehumet.
Vehumet was noncommittal.
You visited 2 branches of the dungeon, and saw 9 of its levels.

You collected 448 gold pieces.

Inventory:

Hand Weapons
 b - a +0 whip
 g - a +0 vorpal mace (weapon)
Missiles
 d - 192 stones
 w - 2 throwing nets
Armour
 a - a +0 robe
 i - a +2 pair of gloves (worn)
 l - a +1 cloak (worn)
 o - a +0 ring mail of cold resistance
 s - the +1 robe "Jyokkoeho" (worn) {rPois Int+3}
   (You found it on level 5 of the Dungeon)

   Int:       It affects your intelligence (+3).
   rPois:     It protects you from poison.
 t - a +2 pair of boots (worn)
 x - a +0 buckler
 y - a +2 helmet (worn)
Jewellery
 q - an amulet of faith
 A - a ring of ice
Wands
 r - a wand of flame (26)
 C - a wand of acid (10)
Scrolls
 e - a scroll of summoning
 k - a scroll of teleportation
Potions
 c - 2 potions of heal wounds
 f - a potion of cancellation
 h - 4 potions of lignification
 j - a potion of ambrosia {unknown}
 m - a potion of attraction {unknown}
 n - 2 potions of curing {unknown}
 p - 2 potions of mutation
 u - a potion of resistance {unknown}
 v - a potion of invisibility {unknown}
 z - a potion of berserk rage {unknown}
 B - a potion of flight {unknown}


   Skills:
 + Level 1.3 Fighting
 + Level 2.7 Maces & Flails
 + Level 2.4 Dodging
 - Level 2.1 Stealth
 * Level 7.3 Spellcasting
 * Level 7.0 Conjurations
 * Level 7.3 Fire Magic


You had 9 spell levels left.
You knew the following spells:

 Your Spells              Type           Power      Damage    Failure   Level
a - Foxfire               Conj/Fire      100%       2x1d9     1%          1
b - Conjure Flame         Conj/Fire      39%        6-21      1%          3
c - Sticky Flame          Conj/Fire      39%        2d6       4%          4
d - Fireball              Conj/Fire      19%        3d9       12%         5

Your spell library contained the following spells:

 Spells                   Type           Power      Damage    Failure   Level
 Static Discharge         Conj/Air       23%        N/A       2%          2
 Inner Flame              Hex/Fire       24%        N/A       5%          3
 Gell's Gravitas          Tloc           4%         N/A       24%         3
 Teleport Other           Tloc           8%         N/A       24%         3
 Dispel Undead            Necr           8%         3d8       63%         4
 Dispersal                Tloc           4%         N/A       100%        6


Dungeon Overview and Level Annotations

Branches:
Dungeon (8/15)             Temple (1/1) D:7
   Lair: D:8-11

Altars:
Ashenzari
Cheibriados
Dithmenos
Elyvilon
Gozag
Hepliaklqana
Kikubaaqudgha
Makhleb
Nemelex Xobeh
Okawaru
Qazlal
Ru
Sif Muna
Trog
Uskayaw
Vehumet
Xom
Yredelemnul
Zin
The Shining One

Shops:
D:7 *(*


Innate Abilities, Weirdness & Mutations

You are immune to sickness and miasma.
Your stone body is resilient. (AC +6)
You are immune to poison.
You resist negative energy. (rN+)
You are resistant to electric shocks. (rElec)
You are resistant to unholy torment.
You are immune to petrification.


Message History

There is an open door here.
There is an open door here.
There is an open door here.
There is a stone staircase leading down here.
You climb downwards.
There is a stone staircase leading up here.
There is a stone staircase leading down here.
You climb downwards.
There is a stone staircase leading up here.
There is a stone staircase leading down here.
You climb downwards.
There is a stone staircase leading up here.
Done exploring.
(D) Dungeon (T) Temple
Where to? (Enter - D:7, ? - help)
What level of the Dungeon? (default 1, ? - help)
There is a stone staircase leading down here.
You climb downwards.
There is a stone staircase leading up here.
There is a stone staircase leading up here.
An acid dragon comes into view.
The acid dragon bites you. The acid dragon claws you.
Casting: Sticky Flame (dangerous; 4% risk of failure)
Confirm with . or Enter, or press ? or * to list all spells.
Aiming: Sticky Flame (dangerous; 4% risk of failure)
Press: ? - help, Shift-Dir - straight line, f - acid dragon
Aim: an acid dragon (100% to hit)
The sticky flame hits the acid dragon.
The acid dragon is lightly wounded.
The acid dragon is covered in liquid flames!
The acid dragon burns!
The acid dragon bites you.
The acid dragon claws you but does no damage.
You hit the acid dragon.
The acid dragon is moderately wounded.
The acid dragon burns! x2
The acid dragon spits acid at you. The splash of acid hits you.
You are splashed with acid!
The acid dragon spits acid at you. The splash of acid hits you!
You are splashed with acid!
You die...

##### #####.<.#
######....##.#
#.##D....#####..#
#...@#### #..#
#..### #..# #.
..## # #.. ...
#...


You could see an acid dragon (burning, catching breath).

Vanquished Creatures
  A wraith (D:7)
  3 wyverns
  The ghost of ABBCCCDDDD the Sneak, an amateur OpMo (D:4)
  Menkaure (D:7)
  Duvessa (D:4)
  An ice beast (D:7)
  A necrophage (D:6)
  A bullfrog (D:6)
  2 scorpions
  3 water moccasin zombies
  A water moccasin skeleton (D:5)
  Dowan (D:4)
  3 centaur zombies (D:5)
  4 hounds (D:7)
  3 orc priests
  3 gnoll shamans (D:7)
  3 iguanas
  5 orc wizards
  A scorpion zombie (D:5)
  4 hound zombies (D:5)
  A hound skeleton (D:4)
  Robin (D:1)
  4 adders
  15 gnolls
  A white imp (D:6)
  3 ufetubi
  An adder skeleton (D:4)
  2 worms
  2 dart slugs
  19 orcs
  9 ball pythons
  4 endoplasms
  2 giant cockroaches
  9 goblins
  7 hobgoblins
  6 jackals
  3 quokkas
  3 bats
  9 kobolds
  6 rats
150 creatures vanquished.

Vanquished Creatures (others)
  664 foxfires
  A withered plant (D:5)
665 creatures vanquished.

Grand Total: 815 creatures vanquished

Notes
Turn   | Place    | Note
-------+----------+-------------------------------------------
     0 | D:1      | funkygono the Gargoyle Fire Elementalist began the quest
                  | for the Orb.
     0 | D:1      | Reached XP level 1. HP: 10/10 MP: 3/3
   628 | D:2      | Found a faded altar of an unknown god.
   732 | D:2      | Reached XP level 2. HP: 15/15 MP: 3/5
  1387 | D:2      | Reached XP level 3. HP: 19/19 MP: 3/6
  1561 | D:2      | Noticed Robin
  1704 | D:1      | Killed Robin
  1705 | D:1      | Reached XP level 4. HP: 14/24 MP: 1/8
  1958 | D:2      | Learned a level 3 spell: Conjure Flame
  1963 | D:2      | Learned a level 4 spell: Sticky Flame
  2204 | D:3      | Found a glowing golden altar of the Shining One.
  2591 | D:3      | Reached XP level 5. HP: 19/28 MP: 1/9
  3740 | D:4      | Reached XP level 6. HP: 33/33 MP: 8/11
  4194 | D:4      | Noticed Dowan
  4194 | D:4      | Noticed Duvessa
  4200 | D:4      | Killed Dowan
  4219 | D:4      | Killed Duvessa
  4220 | D:4      | Reached skill level 1 in Maces & Flails
  4220 | D:4      | Reached XP level 7. HP: 9/37 MP: 0/13
  4457 | D:4      | Learned a level 5 spell: Fireball
  4808 | D:4      | Found a runed translucent gate.
  4809 | D:4      | Found a runed translucent gate.
  4810 | D:4      | Found a runed translucent gate.
  4810 | D:4      | Noticed ABBCCCDDDD's ghost (amateur OpMo)
  5260 | D:5      | Entered Level 5 of the Dungeon
  5307 | D:5      | Identified the +1 robe "Jyokkoeho" {rPois Int+3}
  5459 | D:5      | Reached skill level 5 in Fire Magic
  5473 | D:5      | Reached skill level 1 in Fighting
  5717 | D:5      | Reached skill level 5 in Spellcasting
  6161 | D:5      | Reached XP level 8. HP: 43/43 MP: 10/15
  6641 | D:6      | Noticed a wyvern
  6651 | D:6      | Killed a wyvern
  6652 | D:6      | Reached skill level 5 in Conjurations
  7549 | D:7      | Noticed a wyvern
  7554 | D:7      | Killed a wyvern
  7774 | D:7      | Noticed a wraith
  7779 | D:7      | Noticed a wyvern
  7797 | D:6      | Killed a wyvern
  7798 | D:6      | Reached XP level 9. HP: 33/47 MP: 4/18
  8065 | D:7      | Found Kinnil's Antique Weapon Boutique.
  8361 | D:7      | Found Etoafanao's Assorted Antiques.
  8525 | D:7      | Found a glowing silver altar of Zin.
  8579 | D:7      | Noticed Menkaure
  8584 | D:7      | Killed Menkaure
  8706 | D:7      | Found Liluv's General Store.
  8941 | D:7      | Found a staircase to the Ecumenical Temple.
  8950 | Temple   | Entered the Ecumenical Temple
  8998 | Temple   | Became a worshipper of Vehumet
  9560 | D:4      | Killed ABBCCCDDDD's ghost
  9796 | D:8      | Splashed by an acid dragon's acid

Illustrated notes

Levels and vault maps discovered:
D:1:      ncdulo_halloftheorcs, layout_rooms
D:2:      layout_basic, dreamdust_ecumenical_altar_statues, interstate_on_off,
          st_stairs_14, kennysheep_doodads, uniq_robin
D:3:      layout_basic, nicolae_overflow_crystal_walls
D:4:      layout_basic, gammafunk_ghost_nasty_kobolds, uniq_duvessa
D:5:      layout_gridville, serial_undead, serial_undead_a, serial_undead_b,
          serial_undead_b, serial_undead_e, serial_undead_b, serial_undead_b
D:6:      layout_loops_ring
D:7:      layout_cave_pools, lemuel_coloured_pillars_altar,
          minmay_temple_entry_poolview, serial_gnoll_camp, gnoll_camp_mini_shop,
          gnoll_camp_mini_hut, gnoll_camp_mini_loothouse, gnoll_camp_mini_basic,
          gnoll_camp_mini_hut, serial_shops, nicolae_shop_overgrown_old_shop,
          shop, uniq_menkaure
D:8:      layout_layer_cave, fedhas_altar_2, serial_shops, nicolae_shop_crystal,
          uniq_joseph, uniq_erica
Temple:   hc_temple_tempest_star

Skill      XL: |  1  2  3  4  5  6  7  8  9 |
---------------+----------------------------+-----
Conjurations   | 2 3 4 6 7 |  7.0
Dodging        | 2 |  2.4
Spellcasting   | 3 4 5 6 7 |  7.3
Fire Magic     | 4 5 6 7 |  7.3
Maces & Flails | 1 2 |  2.7
Fighting       | 1 |  1.3
Stealth        | |  2.1

Action                   |  1- 3 |  4- 6 |  7- 9 || total
-------------------------+-------+-------+-------++-------
Melee: Mace              |    17 |    15 |    47 ||    79
       Whip              |     1 |       |       ||     1
 Cast: Foxfire           |    50 |    97 |   239 ||   386
       Sticky Flame      |       |     3 |    11 ||    14
       Conjure Flame     |       |     1 |       ||     1
  Use: Scroll            |     2 |     5 |     5 ||    12
Armor: Robe              |    33 |    17 |    43 ||    93
Dodge: Dodged            |    45 |    30 |    49 ||   124
